 Dungeon Sprint DCSS version 0.24.0-1-gfbc8707 (webtiles) character file.

Game seed: 7086999236759105232, levelgen mode: deterministic

17196 Fang the Warrior (level 12, 0/90 HPs)
             Began as a Gargoyle Berserker on Nov 6, 2019.
             Was the Champion of Trog.
             Slain by a shambling mangrove (5 damage)
             ... in the Dungeon (Sprint V: "Ziggurat Sprint").
             The game lasted 00:04:40 (1000 turns).

Fang the Warrior (Gargoyle Berserker)               Turns: 1000, Time: 00:04:40

Health: 0/90       AC: 40    Str: 38    XL:     12   Next: 45%
Magic:  12/12      EV:  4    Int:  6    God:    Trog [******]
Gold:   0          SH: 32    Dex:  7    Spells: 11/11 levels left

rFire    . . .     SeeInvis .   a - +5 broad axe
rCold    . . .     Gourm    .   E - +18 shield of the Gong {rElec rN+ MR+ EV-5}
rNeg     + + .     Faith    .   b - +15 Maxwell's patent armour {-Cast -Tele rElec MR+ rCorr}
rPois    ∞         Spirit   .   (no helmet)
rElec    +         Reflect  .   (no cloak)
rCorr    +         Harm     .   (no gloves)
MR       ++++.     NoTele   +   (no boots) Stlth ..........NoCast +
                                (no amulet)
HPRegen  1.25/turn              D - +6 ring of strength
MPRegen  0.13/turn              C - +6 ring of strength

@: grasped by roots, berserk cooldown, regenerating, slowed, constricted,
studying Slings, very slow
A: clumsy 1, dopey 1, negative energy resistance 1, electricity resistance,
unbreathing, petrification resistance, rot immunity, AC +8
a: Berserk, Trog's Hand, Brothers in Arms, Renounce Religion


You were in the Dungeon.
You worshipped Trog.
Trog was exalted by your worship.
You were not hungry.

You visited 1 branch

Inventory:

Hand Weapons
 a - a +5 broad axe (weapon)
Armour
 b - the +15 Maxwell's patent armour (worn) {-Cast -Tele rElec MR+ rCorr}
   (You found it in the Dungeon)

   It insulates you from electricity.
   It affects your resistance to hostile enchantments.
   It prevents spellcasting.
   It prevents most forms of teleportation.
   It provides partial protection from all sources of acid and corrosion.
 E - the +18 shield of the Gong (worn) {rElec rN+ MR+ EV-5}
   (You found it in the Dungeon)

   It affects your evasion (-5).
   It insulates you from electricity.
   It protects you from negative energy.
   It affects your resistance to hostile enchantments.
Jewellery
 o - the amulet "Syshoac" {-Tele rN+++ MR+++ Regen+ Str-2}
   (You found it in the Dungeon)

   [amulet of regeneration]

   It affects your strength (-2).
   It renders you almost immune to negative energy.
   It affects your resistance to hostile enchantments.
   It prevents most forms of teleportation.
   It increases your rate of regeneration.
 x - an uncursed ring of protection from cold
 y - the ring "Siamiy" {MR++ rCorr}
   (You found it in the Dungeon)

   [ring of resist corrosion]

   It affects your resistance to hostile enchantments.
   It provides partial protection from all sources of acid and corrosion.
 z - the amulet "Bolliz" {Spirit Dex+4 Stlth+}
   (You found it in the Dungeon)

   [amulet of guardian spirit]

   It causes incoming damage to be split between your health and magic.
   It affects your dexterity (+4).
   It makes you more stealthy.
 A - an uncursed ring of protection from cold
 C - a +6 ring of strength (right hand)
 D - a +6 ring of strength (left hand)
 F - an uncursed amulet of magic regeneration
 G - the ring of the Tortoise {*Drain rC+ Str+2 Dex+8}
   (You found it in the Dungeon)

   [ring of strength]

   It affects your strength (+2).
   It affects your dexterity (+8).
   It protects you from cold.
   It causes draining when unequipped.
 H - an uncursed ring of positive energy
Wands
 u - a wand of disintegration (7)
 v - a wand of iceblast (7)
 w - a wand of acid (7)
Scrolls
 i - 4 scrolls of blinking
 j - 7 scrolls of fog
 k - a scroll of holy word
 l - 5 scrolls of identify
 m - 5 scrolls of remove curse
 n - 2 scrolls of fear
 B - a scroll of brand weapon
Potions
 d - 10 potions of curing
 e - 10 potions of heal wounds
 f - 10 potions of haste
 h - 3 potions of berserk rage
 p - 2 potions of invisibility
 q - 4 potions of resistance
 r - a potion of experience
 s - 6 potions of agility
 t - 5 potions of might
Books
 g - a manual of Slings
Comestibles
 c - 6 rations


   Skills:
 * Level 16.7 Fighting
 * Level 14.5 Axes
 + Level 14.0 Armour
 + Level 11.2 Dodging
 * Level 13.6 Shields


You had 11 spell levels left.
You didn't know any spells.
Your spell library was empty.

Dungeon Overview and Level Annotations

Branches:
Dungeon (1/1)

Altars:
Ashenzari
Cheibriados
Dithmenos
Elyvilon
Fedhas
Gozag
Hepliaklqana
Kikubaaqudgha
Makhleb
Nemelex Xobeh
Okawaru
Qazlal
Ru
Sif Muna
Trog
Uskayaw
Vehumet
Wu Jian
Xom
Yredelemnul
Zin
The Shining One
Beogh
Jiyva
Lugonu

Annotations:
D 1 transporter


Innate Abilities, Weirdness & Mutations

You are resistant to torment.
Your stone body is resilient. (AC +8)
You are immune to poison.
You resist negative energy. (rN+)
You are resistant to electric shocks. (rElec)
You can survive without breathing.
You are immune to petrification.
You are immune to rotting.
You are clumsy. (Dex -2)
You are dopey. (Int -2)


Message History

Your Maxwell's patent armour prevents you from hitting the hornet.
You block the hornet's attack.
PANG!
You block the hornet's attack.
GONNNNG!
The shambling mangrove hits you.
* * * LOW HITPOINT WARNING * * *
The grasping roots constrict you. You block the hornet's attack.
GONNNNG!
You slash the shambling mangrove!
The shambling mangrove is severely damaged.
You slash the hornet! You hit the hornet but do no damage.
You block the hornet's attack.
SHROANNG!
You block the hornet's attack.
BONNNG!
The hornet stings you!
* * * LOW HITPOINT WARNING * * *
The shambling mangrove hits you but does no damage.
You die...

▓▓▓▓▓▓▓▓▓▓▓▓▓
▓...8©8...▓...8©8...▓..
▓..[).=}}.▓..[[[[|..▓..
▓..:::":..▓..}:[)...▓..
▓.........▓.........▓..
▓.........▓.........▓..
▓.........▓.........▓..
▓....yfyy.▓....)....▓..
▓..▓))@▓..▓....)....▓.▓
▓.▓.)(..▓.▓.▓.....▓.▓..
▓....©|...▓....©....▓▓▓
▓▓▓▓▓▓▓▓▓▓▓▓▓▓▓▓▓▓▓▓▓


You could see a shambling mangrove and 3 hornets.

Vanquished Creatures
  A tentacled monstrosity (D)
  A balrug (D)
  A dire elephant (D)
  2 spriggan air magi (D)
  A satyr (D)
  A hell hog (D)
  A thrashing horror (D)
  4 spriggan berserkers (D)
  A faun (D)
  6 draconians (D)
  2 shining eyes (D)
  An eye of devastation (D)
  A dryad (D)
  4 merfolk (D)
  A large abomination (D)
  2 shadows (D)
  A flying skull (D)
  A ynoxinul (D)
  A small abomination (D)
  Sigmund (D)
  2 golden eyes (D)
  A neqoxec (D)
  A naga (D)
  3 water moccasins (D)
  A floating eye (D)
  2 phantoms (D)
  2 eyes of draining (D)
  Blork the orc (D)
  An earth elemental (D)
  Dowan (D)
  2 wights (D)
  2 crimson imps (D)
  A quasit (D)
  Crazy Yiuf (D)
  An iron imp (D)
  Jessica (D)
  An adder (D)
  2 shadow imps (D)
  2 ufetubi (D)
  2 oozes (D)
  3 adder skeletons (D)
  2 bat skeletons (D)
  2 ball pythons (D)
  A ball python skeleton (D)
  A giant cockroach zombie (D)
  A leopard gecko zombie (D)
74 creatures vanquished.

Notes
Turn   | Place    | Note
-------+----------+-------------------------------------------
     0 | D        | Fang the Gargoyle Berserker began the quest for the Orb.
     0 | D        | Reached XP level 1. HP: 14/14 MP: 1/1
     0 | D        | Found a blossoming altar of Fedhas.
     1 | D        | Found the +6 Majin-Bo {vamp, Archmagi MP+6 Int+6}
     1 | D        | Found the +7 great mace "Firestarter" {inner flame, rF++}
     1 | D        | Found a transporter.
     1 | D        | Found a viscous altar of Jiyva.
     1 | D        | Found an ancient bone altar of Kikubaaqudgha.
     1 | D        | Found a hazy altar of Hepliaklqana.
     1 | D        | Found a corrupted altar of Lugonu.
     1 | D        | Found an opulent altar of Gozag.
     1 | D        | Found a burning altar of Makhleb.
    19 | D        | Found an iron altar of Okawaru.
    19 | D        | Found a sparkling altar of Nemelex Xobeh.
    19 | D        | Found a stormy altar of Qazlal.
    19 | D        | Found a sacrificial altar of Ru.
    19 | D        | Found a shimmering blue altar of Sif Muna.
    24 | D        | Found the +9 heavy crossbow "Sniper" {velocity, Acc+∞ SInv}
    24 | D        | Found the +10 dark maul {crush}
    24 | D        | Found the +15 Maxwell's patent armour {-Cast -Tele rElec
                  | MR+ rCorr}
    24 | D        | Found the +18 shield of the Gong {rElec rN+ MR+ EV-5}
    24 | D        | Found the cursed +14 obsidian axe {chop, +Fly SInv *Curse}
    29 | D        | Found a bloodstained altar of Trog.
    75 | D        | Entered arena 2.
    75 | D        | Found a transporter.
    78 | D        | Reached skill level 4 in Fighting
    78 | D        | Reached XP level 2. HP: 20/20 MP: 2/2
    83 | D        | Entered arena 3.
    83 | D        | Noticed a water moccasin
    83 | D        | Found a transporter.
    86 | D        | Reached ** piety under Trog
    93 | D        | Killed a water moccasin
    93 | D        | Reached skill level 6 in Fighting
    93 | D        | Reached skill level 5 in Axes
    93 | D        | Reached skill level 5 in Armour
    93 | D        | Reached XP level 3. HP: 24/27 MP: 3/3
    93 | D        | Reached XP level 4. HP: 29/32 MP: 4/4
    93 | D        | Reached XP level 5. HP: 32/36 MP: 5/5
   102 | D        | Got the amulet "Syshoac" {-Tele rN+++ MR+++ Regen+ Str-2}
   122 | D        | Entered arena 4.
   122 | D        | Noticed a merfolk
   122 | D        | Noticed a merfolk
   122 | D        | Noticed a merfolk
   122 | D        | Noticed a merfolk
   122 | D        | Found a transporter.
   123 | D        | Identified the +8 hunting sling of Sequestration {freeze,
                  | rN++ Int+2}
   133 | D        | Killed a merfolk
   133 | D        | Reached skill level 8 in Fighting
   133 | D        | Reached skill level 5 in Dodging
   133 | D        | Reached XP level 6. HP: 44/44 MP: 6/6
   139 | D        | Killed a merfolk
   139 | D        | Reached *** piety under Trog
   139 | D        | Reached skill level 9 in Fighting
   139 | D        | Reached XP level 7. HP: 20/51 MP: 7/7
   143 | D        | Killed a merfolk
   152 | D        | Killed a merfolk
   152 | D        | Reached skill level 10 in Fighting
   152 | D        | Reached XP level 8. HP: 35/57 MP: 8/8
   371 | D        | Entered arena 5.
   371 | D        | Found a transporter.
   378 | D        | Reached **** piety under Trog
   378 | D        | Reached skill level 10 in Armour
   417 | D        | Entered arena 6.
   417 | D        | Noticed Sigmund
   417 | D        | Noticed Jessica
   417 | D        | Noticed Blork the orc
   417 | D        | Noticed Crazy Yiuf
   417 | D        | Noticed Dowan
   417 | D        | Found a transporter.
   421 | D        | Killed Crazy Yiuf
   421 | D        | Killed Jessica
   421 | D        | Reached ***** piety under Trog
   421 | D        | Killed Blork the orc
   429 | D        | Killed Dowan
   435 | D        | Killed Sigmund
   435 | D        | Reached skill level 11 in Fighting
   466 | D        | Entered arena 7.
   466 | D        | Noticed a large abomination
   467 | D        | Found the +6 lightning scales {run, rElec}
   468 | D        | Found a transporter.
   477 | D        | Received a gift from Trog
   477 | D        | Reached skill level 1 in Shields
   477 | D        | Reached XP level 9. HP: 64/64 MP: 9/9
   478 | D        | Killed a large abomination
   522 | D        | Entered arena 8.
   522 | D        | Noticed a draconian
   522 | D        | Noticed a draconian
   522 | D        | Noticed a draconian
   522 | D        | Noticed a draconian
   522 | D        | Noticed a draconian
   522 | D        | Noticed a draconian
   523 | D        | Found a transporter.
   530 | D        | Killed a draconian
   530 | D        | Reached skill level 10 in Axes
   531 | D        | Killed a draconian
   531 | D        | Reached ****** piety under Trog
   531 | D        | Reached skill level 12 in Fighting
   531 | D        | Reached skill level 5 in Shields
   532 | D        | Killed a draconian
   533 | D        | Killed a draconian
   533 | D        | Reached XP level 10. HP: 72/72 MP: 10/10
   534 | D        | Killed a draconian
   537 | D        | Killed a draconian
   537 | D        | Reached skill level 13 in Fighting
   572 | D        | Entered arena 9.
   573 | D        | Found a transporter.
   581 | D        | Received a gift from Trog
   600 | D        | Got the ring "Siamiy" {MR++ rCorr}
   614 | D        | Entered arena 10.
   614 | D        | Noticed an eye of devastation
   614 | D        | Noticed a shining eye
   614 | D        | Noticed a shining eye
   614 | D        | Gained mutation: You are dopey. (Int -2) [a shining eye]
   615 | D        | Found a transporter.
   620 | D        | Killed a shining eye
   622 | D        | Killed an eye of devastation
   625 | D        | Gained mutation: You are clumsy. (Dex -2) [a shining eye]
   626 | D        | Killed a shining eye
   626 | D        | Received a gift from Trog
   699 | D        | Entered arena 11.
   699 | D        | Noticed a tentacled monstrosity
   699 | D        | Noticed a thrashing horror
   700 | D        | Identified the +7 short sword of Jeucrehur {venom, MR+}
   700 | D        | Found a transporter.
   706 | D        | Reached skill level 14 in Fighting
   711 | D        | Received a gift from Trog
   712 | D        | Killed a tentacled monstrosity
   712 | D        | Reached skill level 10 in Dodging
   712 | D        | Reached skill level 10 in Shields
   712 | D        | Reached XP level 11. HP: 80/80 MP: 11/11
   712 | D        | Killed a thrashing horror
   712 | D        | Reached skill level 15 in Fighting
   749 | D        | Got the amulet "Bolliz" {Spirit Dex+4 Stlth+}
   755 | D        | Got the ring of the Tortoise {*Drain rC+ Str+2 Dex+8}
   776 | D        | Entered arena 12.
   776 | D        | Noticed a balrug
   776 | D        | Noticed a hell hog
   782 | D        | Found a transporter.
   783 | D        | Received a gift from Trog
   788 | D        | Killed a balrug
   788 | D        | Killed a hell hog
   957 | D        | Entered arena 13.
   957 | D        | Noticed a spriggan berserker
   957 | D        | Noticed a spriggan berserker
   957 | D        | Noticed a dire elephant
   957 | D        | Noticed a satyr
   957 | D        | Noticed a spriggan berserker
   957 | D        | Noticed a spriggan berserker
   957 | D        | Noticed a shambling mangrove
   958 | D        | Noticed a death yak
   958 | D        | Noticed a spriggan air mage
   958 | D        | Noticed a faun
   958 | D        | Noticed a spriggan air mage
   959 | D        | Noticed a death yak
   961 | D        | Noticed a death yak
   970 | D        | Killed a spriggan berserker
   971 | D        | Noticed a death yak
   974 | D        | Killed a spriggan air mage
   974 | D        | Killed a spriggan berserker
   974 | D        | Received a gift from Trog
   974 | D        | Reached skill level 16 in Fighting
   974 | D        | Reached XP level 12. HP: 82/88 MP: 10/12
   978 | D        | Killed a dire elephant
   981 | D        | Killed a spriggan berserker
   982 | D        | Killed a satyr
   984 | D        | Killed a spriggan berserker
   985 | D        | Found a transporter.
   991 | D        | Killed a spriggan air mage
   991 | D        | Received a gift from Trog
  1000 | D        | Slain by a shambling mangrove

Levels and vault maps discovered:
D:        sprint_v [room_start, room_1, room_2, room_3, room_4, room_5, room_6,
          room_7, room_8, room_9, room_10, room_11, room_12, room_13, room_14,
          room_15, room_16, room_17, room_18, room_19, room_20, room_21,
          room_22, room_23, room_24, room_25, room_26, room_27]

Skill      XL: |  1  2  3  4  5  6  7  8  9 10 11 12 |
---------------+-------------------------------------+-----
Axes           | 3 5 6 7 8 9 10 12 13 14 | 14.5
Dodging        | 2 4 5 6 7 8 9 10 11 | 11.2
Fighting       | 4 6 8 9 10 11 12 14 16 | 16.7
Armour         | 3 5 7 8 9 10 11 12 13 14 | 14.0
Shields        | 1 6 10 12 13 | 13.6

Action                   |  1- 3 |  4- 6 |  7- 9 | 10-12 || total
-------------------------+-------+-------+-------+-------++-------
Melee: Broad axe         |    11 |    13 |    58 |    94 ||   176
Invok: Berserk           |       |     1 |     3 |     4 ||     8
       Trog's Hand       |       |     1 |       |     2 ||     3
  Eat: Chunk             |       |       |     2 |     4 ||     6
       Ration            |       |       |       |     1 ||     1
Armor: Plate armour      |     6 |    11 |    29 |    51 ||    97
Dodge: Dodged            |       |       |     7 |     6 ||    13
Block: Shield            |    15 |    36 |    74 |   156 ||   281
